 Dungeon Crawl Stone Soup version 0.19.1 (webtiles) character file.

20 Menchi the Charmwright (level 3, 19/28 HPs)
             Began as a Formicid Skald on Dec 19, 2016.
             Quit the game on level 2 of the Dungeon.
             The game lasted 00:02:40 (932 turns).

Menchi the Charmwright (Formicid Skald)              Turns: 932, Time: 00:02:41

Health: 19/28      AC:  3    Str: 13 (16) XL:     3   Next: 0%
Magic:  3/6        EV: 11    Int:  9 (11) God:
Gold:   55         SH:  0    Dex:  9 (11) Spells: 1 memorised, 5 levels left

rFire  . . .     SeeInvis +     a - +1 falchion
rCold  . . .     Gourm    .     b - +0 leather armour
rNeg   . . .     Faith    .     (no shield)
rPois  .         Spirit   .     (helmet unavailable)
rElec  .         Reflect  .     (no cloak)
rCorr  .         Harm     .     (no gloves)
MR     .....                    (no boots)
Stlth  +.........               (no amulet)
                                (no ring)
                                h - ring of wizardry

@: no status effects
A: permanent stasis, dig shafts and tunnels, four strong arms, antennae 3
a: Dig, Shaft Self


You were on level 2 of the Dungeon.
You were not hungry.

You visited 1 branch of the dungeon, and saw 2 of its levels.

You collected 55 gold pieces.

Inventory:

Hand Weapons
 a - a +1 falchion (weapon)
Armour
 b - a +0 leather armour (worn)
Jewellery
 h - a ring of wizardry (left hand)
Scrolls
 f - a scroll of immolation {unknown}
Potions
 j - a potion of heal wounds {unknown}
Books
 c - a book of Battle

   Spells                             Type                      Level
   a - Infusion                       Charms                       1
   b - Shroud of Golubria             Charms/Translocation         2
   c - Song of Slaying                Charms                       2
   d - Spectral Weapon                Hexes/Charms                 3
   e - Regeneration                   Charms/Necromancy            3
Comestibles
 d - 2 bread rations
 g - 4 chunks of flesh


   Skills:
 + Level 2.3 Fighting
 * Level 2.5 Long Blades
 * Level 1.7 Armour
 * Level 1.3 Dodging
 + Level 2.1 Spellcasting
 - Level 3.0 Charms


You had 5 spell levels left.
You knew the following spells:

 Your Spells              Type           Power        Failure   Level  Hunger
a - Infusion              Chrm           #...         6%          1    ##.....


Dungeon Overview and Level Annotations

Branches:
Dungeon (2/15)

Altars:

Annotations:
D:2 Robin


Innate Abilities, Weirdness & Mutations

You are under a permanent stasis effect.
You can dig through walls and to a lower floor.
Your four strong arms can wield two-handed weapons with a shield.
You have a pair of large antennae on your head. (SInv)


Message History

You hit the goblin.
You kill the goblin!
You have reached level 3!
Your experience leads to an increase in your attributes!
Increase (S)trength, (I)ntelligence, or (D)exterity?
You feel agile.
The goblin moves out of view.
As you read the scroll labeled BUONUD SIACUY, it crumbles to dust.
It is a scroll of enchant weapon.
Your +0 falchion glows red for a moment.
The hobgoblin closely misses you.
A goblin comes into view. It is wielding a club.
It was a potion of degeneration.
There was something very wrong with that liquid.
You feel weakened.
You feel dopey.
You feel clumsy.
The goblin shouts!
The hobgoblin closely misses you.
The goblin moves out of view.
Quiver which item? (- for none, * to show all) (? for menu, Esc to quit)
Okay, then.
Are you sure you want to abandon this character and quit the game? (Confirm with "yes".)

#..............#
........#.#...#
..............#
.......)#.#...#
..............#
###.#####.##..#
#. ####..# #
###..# #@gg.#
###gg# #..#
..{.. { (.{...
#...#### #...#
#...#


You could see Robin, a hobgoblin and 2 goblins.

Vanquished Creatures
  A bat (D:1)
  3 hobgoblins
  A quokka (D:2)
  A ball python (D:1)
  A frilled lizard (D:1)
  5 goblins
  5 kobolds
17 creatures vanquished.

Notes
Turn   | Place    | Note
-------+----------+-------------------------------------------
     0 | D:1      | Menchi the Formicid Skald began the quest for the Orb.
     0 | D:1      | Reached XP level 1. HP: 16/16 MP: 3/3
    72 | D:1      | Reached skill level 1 in Dodging
   645 | D:1      | Reached XP level 2. HP: 17/22 MP: 5/5
   926 | D:2      | Noticed Robin
   929 | D:2      | Reached XP level 3. HP: 19/28 MP: 2/6
   932 | D:2      | Quit the game

Skill      XL: |  1 |
---------------+----+-----
Dodging        | 1 |  1.3
Fighting       | |  2.3
Long Blades    | |  2.5
Armour         | |  1.7
Spellcasting   | |  2.1
Charms         | |  3.0

Action                   || total
-------------------------++-------
Melee: Falchion          ||    35
 Cast: Infusion          ||     1
 Abil: Dig               ||     1
  Use: Scroll            ||     1
       Potion            ||     1
Armor: Leather armour    ||    11
Dodge: Dodged            ||    21
       Rpst.: Falchion   ||     5
